Map: [TLMC19] El Dorado

Players

Harstem

  • Race: Protoss Protoss
  • League: Master
  • Spawn Location: 5:00

LiquidCure (Cure) - Winner!

  • Race: Terran Terran
  • Spawn Location: 7:00

VOD

Have the link to the VOD?

Description

Time

  • Played on: Dec. 21, 2023, 8:55 a.m.
  • Length: 10:49
Show
View Real Time Build Order
Export as new Build Order

Harstem Protoss 

Build Orders: Oracle Opening 

Get SALT Encoding   

  12  0:00  Probe  
  13  0:14  Pylon  
  13  0:18  Probe  
  14  0:32  Gateway  
  14  0:35  Probe (Chrono Boost)  
  15  0:46  Assimilator  
  15  0:47  Probe (Chrono Boost)  
  16  0:52  Probe (Chrono Boost)  
  16  0:56  Assimilator  
  17  1:01  Probe  
  18  1:13  Probe  
  19  1:19  Cybernetics Core  
  19  1:25  Probe  
  19  1:28  Pylon  
  20  1:37  Probe  
  21  1:50  Probe  
  22  1:54  Adept (Chrono Boost)  
  22  1:56  Stargate  
  24  2:01  Warp Gate  
  24  2:03  Probe  
  25  2:24  Adept  
  25  2:26  Pylon  
  27  2:36  Oracle (Chrono Boost)  
  30  2:56  Nexus  
  30  3:06  Oracle (Chrono Boost)  
  31  3:13  Probe  
  31  3:19  Shield Battery  
  32  3:27  Probe  
  33  3:37  Oracle (Chrono Boost)  
  33  3:39  Probe  
  36  3:54  Twilight Council  
  37  3:56  Stalker  
  37  3:59  Shield Battery  
  37  4:02  Probe  
  39  4:09  Probe  
  40  4:14  Probe  
  41  4:21  Probe  
  42  4:25  Stalker  
  42  4:27  Probe  
  42  4:30  Blink (Chrono Boost)  
  43  4:42  Probe  
  43  4:43  Gateway, Probe  
  44  4:51  Assimilator, Stalker  
  46  4:54  Probe  
  46  4:57  Probe  
  48  5:07  Probe  
  49  5:09  Probe  
  50  5:20  Stalker  
  52  5:23  Probe  
  52  5:24  Nexus  
  53  5:29  Gateway  
  53  5:30  Probe  
  54  5:38  Dark Shrine  
  54  5:40  Pylon  
  54  5:41  Pylon  
  54  5:55  Pylon  
  54  5:58  Probe x2  
  54  5:59  Stalker x2  
  60  6:08  Gateway  
  60  6:09  Forge  
  60  6:10  Probe x2  
  62  6:22  Probe x2  
  64  6:30  Charge (Chrono Boost)  
  64  6:32  Stalker x3  
  70  6:34  Probe (Chrono Boost)  
  70  6:37  Gateway  
  70  6:40  Gateway  
  70  6:46  Protoss Ground Weapons Level 1 (Chrono Boost)  
  66  6:49  Probe (Chrono Boost)  
  66  6:53  Probe (Chrono Boost)  
  69  6:56  Probe x2 (Chrono Boost)  
  69  7:00  Probe (Chrono Boost)  
  71  7:03  Probe  
  71  7:04  Pylon  
  71  7:06  Stalker  
  71  7:07  Stalker  
  76  7:11  Probe  
  78  7:16  Sentry  
  78  7:20  Gateway, Probe  
  78  7:22  Gateway  
  80  7:29  Probe  
  81  7:31  Probe  
  82  7:39  Shield Battery, Stalker x3  
  87  7:45  Probe  
  87  7:48  Zealot x3  
  93  7:51  Probe  
  96  7:58  Probe  
  96  8:02  Pylon  
  96  8:05  Forge  
  95  8:08  Pylon  
  95  8:13  Probe  
  95  8:17  Zealot x2  
  100  8:21  Pylon, Dark Templar x2  
  100  8:25  Protoss Ground Armor Level 1 (Chrono Boost)  
  104  8:28  Stalker x3  
  104  8:34  Protoss Ground Weapons Level 2 (Chrono Boost)  
  107  8:43  Photon Cannon  
  105  8:54  Nexus  
  105  8:56  Zealot x2, Sentry  
  111  9:03  Zealot x2  
  111  9:06  Pylon  
  115  9:12  Robotics Facility  
  115  9:13  Shadow Stride (Chrono Boost)  
  115  9:15  Pylon  
  115  9:16  Probe  
  116  9:19  Probe  
  116  9:22  Pylon  
  117  9:36  Zealot x6  
  117  9:37  Zealot x2  
  133  9:42  Probe  
  133  9:43  Pylon  
  135  9:45  Probe  
  135  9:57  Zealot x3  
  134  10:09  Zealot x5  
  126  10:20  Zealot x3  
  102  10:29  Zealot  
  102  10:30  Zealot x4  
  102  10:35  Probe  
  102  10:36  Probe x3  
Show
View Real Time Build Order
Export as new Build Order

LiquidCure Terran - Winner!

Build Orders:  

Get SALT Encoding   

  12  0:00  SCV  
  13  0:12  SCV  
  14  0:17  Supply Depot  
  14  0:24  SCV  
  15  0:39  SCV  
  15  0:40  Barracks  
  16  0:44  Refinery  
  16  0:51  SCV  
  17  1:03  SCV  
  18  1:15  SCV  
  19  1:27  Orbital Command  
  20  1:38  Command Center  
  19  1:41  Marine  
  20  1:52  Factory  
  20  1:57  SCV  
  21  2:04  Refinery, Barracks Reactor  
  21  2:09  SCV  
  21  2:14  Supply Depot  
  22  2:21  SCV  
  23  2:35  SCV  
  23  2:36  Hellion  
  26  2:38  Starport  
  26  2:41  Marine  
  26  2:42  Marine  
  28  2:47  SCV  
  28  2:54  Orbital Command  
  28  3:01  Marine x2  
  28  3:03  SCV  
  31  3:10  Cyclone  
  31  3:19  Viking  
  32  3:21  Marine  
  32  3:24  Marine  
  33  3:30  SCV x2  
  34  3:43  Widow Mine  
  34  3:44  SCV x2  
  39  3:52  Bunker  
  37  3:55  Supply Depot  
  37  4:01  Viking x2  
  37  4:02  Marine  
  42  4:06  Widow Mine  
  44  4:11  SCV x2  
  46  4:23  SCV x2  
  48  4:30  Bunker, Factory Tech Lab  
  48  4:35  SCV x2  
  50  4:41  Barracks  
  50  4:44  Starport Tech Lab, Marine x2  
  52  4:49  SCV x2  
  52  4:51  Supply Depot  
  52  4:52  Supply Depot  
  54  5:05  Interference Matrix  
  54  5:10  SCV x2  
  54  5:13  Raven, Siege Tank, Marine x2  
  61  5:17  Supply Depot  
  61  5:18  Engineering Bay  
  61  5:22  SCV  
  61  5:24  SCV  
  63  5:30  Barracks Tech Lab, Marine x2  
  63  5:34  SCV, Barracks  
  66  5:36  SCV  
  67  5:44  Missile Turret  
  67  5:45  Terran Infantry Weapons Level 1  
  67  5:46  SCV, Siege Tank  
  71  5:50  Marine x3  
  71  5:51  Stimpack  
  71  5:55  SCV  
  73  5:57  Refinery  
  73  5:58  SCV  
  74  6:08  Supply Depot, Starport Reactor  
  74  6:13  Marine x2, Marauder  
  74  6:16  Supply Depot  
  74  6:17  Refinery  
  74  6:18  Supply Depot  
  78  6:24  SCV  
  78  6:27  Factory Reactor  
  78  6:29  SCV  
  78  6:31  Marine x2  
  78  6:32  Marauder  
  82  6:36  Combat Shield  
  82  6:37  Marauder  
  84  6:43  SCV x2  
  84  6:50  Medivac  
  86  6:55  Marine x2, Marauder  
  86  6:57  Supply Depot  
  86  6:58  Marauder  
  92  7:01  SCV x2  
  94  7:12  Command Center, Widow Mine x2, Medivac  
  100  7:21  Marine x2, Marauder  
  100  7:22  Marauder  
  106  7:27  SCV x2  
  106  7:28  Medivac  
  106  7:34  Concussive Shells  
  106  7:38  Supply Depot  
  106  7:39  SCV x2  
  106  7:40  Terran Infantry Armor Level 1, Widow Mine  
  110  7:46  Widow Mine  
  110  7:52  Supply Depot  
  110  7:59  Marine x2  
  110  8:00  SCV x2, Marauder x2  
  118  8:13  Medivac x2  
  118  8:18  Widow Mine x2  
  118  8:19  Barracks  
  126  8:20  Barracks  
  126  8:23  Orbital Command  
  126  8:27  Marauder x2  
  130  8:31  Marine x2  
  130  8:38  SCV  
  130  8:39  SCV  
  130  8:40  Widow Mine x2  
  130  8:48  Orbital Command  
  130  8:50  Marine x2, Marauder  
  130  8:51  Marauder  
  130  8:53  Medivac x2  
  140  8:55  SCV  
  140  8:58  Supply Depot x2  
  141  9:07  Missile Turret  
  141  9:09  Supply Depot  
  141  9:11  Missile Turret, Barracks Reactor  
  141  9:19  SCV, Marine  
  141  9:20  Marauder x3  
  149  9:27  Supply Depot  
  149  9:33  Marine  
  149  9:37  Marine, Medivac  
  154  9:38  Widow Mine  
  154  9:41  Marauder x3  
  160  9:52  Marine x3  
  163  9:55  Marine  
  163  9:58  Widow Mine  
  163  9:59  Widow Mine  
  168  10:02  Marauder x2  
  168  10:06  Marauder  
  170  10:10  Marine x2  
  170  10:11  Marine, Medivac  
  170  10:12  Marine  
  156  10:21  Armory  
  156  10:23  Engineering Bay, Widow Mine x2  
  156  10:24  Marauder x2  
  156  10:27  Marauder  
Tags
 
Add a new tag
Caveats
  • Supply blocks, unpowered buildings, or Contaminate may cause inaccurate times.
  • Supply counts are checked every 10 seconds.